 Dungeon Crawl Stone Soup version 0.28-a0-1505-g8c907de6ad (webtiles) character file.

Game seed: 17641961702677373770

83930 esteth the Earth Mage (level 15, -6/99 HPs)
             Began as a Gargoyle Earth Elementalist on Jan 13, 2022.
             Was a High Priest of Ashenzari.
             Mangled by an ogre (18 damage)
             ... while paralysed by an ogre mage
             ... on level 14 of the Dungeon.
             The game lasted 01:32:42 (37238 turns).

esteth the Earth Mage (GrEE)                       Turns: 37238, Time: 01:32:42

Health: -6/99      AC: 27    Str: 12    XL:     15   Next: 78%
Magic:  19/28      EV:  2    Int: 29    God:    Ashenzari [*****.]
Gold:   956        SH:  0    Dex: 17    Spells: 13/32 levels left

rFire   + . .      SeeInvis +   s - staff of earth (curse) {Comp, Range}
rCold   + . .      Faith    .   n - +0 buckler "Ruined Lifelessness" {Range, Elem} (curse)
rNeg    + . .      Spirit   .   R - +0 acid dragon scales "Lashed Unpleasantness" {rCorr, Melee, Cun} (curse)
rPois   ∞          Reflect  +   p - +0 helmet "Profound Stickiness" {Dex+7, Fort, Comp} (curse)
rElec   +          Harm     .   l - scarf "Chained Disgust" {rC+ rF+, Self, Comp} (curse)
rCorr   +          Rampage  .   (no gloves)
Will    +....      Clarity  +   c - +1 pair of boots of the Sidereal Burden {Range, Alch} (curse)
Stlth   +++.......              w - amulet of the Bound Morning Star {Reflect SH+5, Alch, Cun} (curse)
HPRegen 0.26/turn               k - ring of the Shackled Yoke {Int+6, Comp, Range} (curse)
MPRegen 0.21/turn               F - ring "Cryptic Secrets" {AC+4, Evo, Cun} (curse)

@: paralysed, flying, studying Shields
A: sickness immunity, AC +11, big wings, negative energy resistance 1,
electricity resistance, torment resistance 1, petrification resistance
a: Renounce Religion, Curse Item, Shatter the Chains


You were on level 14 of the Dungeon.
You worshipped Ashenzari.
Ashenzari was extremely pleased with you.
You visited 4 branches of the dungeon, and saw 23 of its levels.
You also visited: Sewer.

You collected 2020 gold pieces.
You spent 1064 gold pieces at shops.

Inventory:

Hand Weapons
 e - a +0 club
 M - a +5 short sword of holy wrath
Missiles
 x - 256 stones
Armour
 c - the cursed +1 pair of boots of the Sidereal Burden (worn) {Range, Alch}
   (You found it on level 5 of the Dungeon)

   It has a curse which improves the following skills: Ranged Combat: Slings,
   Bows, Crossbows and Throwing.
   Alchemy:   Poison Magic and Transmutations.
 l - the cursed scarf "Chained Disgust" (worn) {rC+ rF+, Self, Comp}
   (You found it on level 4 of the Dungeon)

   It has a curse which improves the following skills: Introspection: Fighting
   and Spellcasting.
   Companions: Summonings and Necromancy.
 n - the cursed +0 buckler "Ruined Lifelessness" (worn) {Range, Elem}
   (You found it on level 3 of the Dungeon)

   It has a curse which improves the following skills: Ranged Combat: Slings,
   Bows, Crossbows and Throwing.
   Elements:  Fire Magic, Ice Magic, Air Magic and Earth Magic.
 o - a +3 leather armour of positive energy
 p - the cursed +0 helmet "Profound Stickiness" (worn) {Dex+7, Fort, Comp}
   (You found it on level 9 of the Dungeon)

   Dex:       It affects your dexterity (+7).
   It has a curse which improves the following skills: Fortitude: Armour and
   Shields.
   Companions: Summonings and Necromancy.
 A - a +2 robe of cold resistance
 R - the cursed +0 acid dragon scales "Lashed Unpleasantness" (worn) {rCorr, Melee, Cun}
   (You found it on level 9 of the Dungeon)

   rCorr:     It protects you from acid and corrosion.
   It has a curse which improves the following skills: Melee Combat: Short
   Blades, Long Blades, Axes, Maces & Flails, Polearms, Staves and Unarmed
   Combat.
   Cunning:   Dodging and Stealth.
 S - the +1 ring mail of Fexabb {rF++ Str+4 Slay-2}
   (You found it on level 9 of the Dungeon)

   Str:       It affects your strength (+4).
   Slay:      It affects your accuracy & damage with ranged weapons and melee
   (-2).
   rF:        It greatly protects you from fire.
Magical Staves
 s - a cursed staff of earth (weapon) {Comp, Range}
Jewellery
 k - the cursed ring of the Shackled Yoke (left hand) {Int+6, Comp, Range}
   (You found it on level 2 of the Dungeon)

   [ring of intelligence]

   Int:       It affects your intelligence (+6).
   It has a curse which improves the following skills: Companions: Summonings
   and Necromancy.
   Ranged Combat: Slings, Bows, Crossbows and Throwing.
 q - a ring of ice
 w - the cursed amulet of the Bound Morning Star (around neck) {Reflect SH+5, Alch, Cun}
   (You found it on level 9 of the Dungeon)

   [amulet of reflection]

   It reflects blocked missile attacks.
   SH:        It affects your SH (+5).
   It has a curse which improves the following skills: Alchemy: Poison Magic and
   Transmutations.
   Cunning:   Dodging and Stealth.
 F - the cursed ring "Cryptic Secrets" (right hand) {AC+4, Evo, Cun}
   (You found it on level 6 of the Dungeon)

   [ring of protection]

   AC:        It affects your AC (+4).
   It has a curse which improves the following skills: Evocations: Evocations.
   Cunning:   Dodging and Stealth.
 N - an amulet of regeneration
 T - a +6 ring of dexterity
 X - a ring of ice
Wands
 i - a wand of polymorph (11)
 B - a wand of digging (12)
 C - a wand of flame (30)
 D - a wand of iceblast (20)
 E - a wand of acid (18)
 Q - a wand of mindburst (14)
 Z - a wand of paralysis (9)
Scrolls
 d - 4 scrolls of teleportation
 f - 4 scrolls of amnesia
 g - 8 scrolls of magic mapping
 h - 8 scrolls of identify
 j - a scroll of enchant armour
 m - 4 scrolls of blinking
 r - a scroll of summoning
 v - 3 scrolls of immolation
 y - 3 scrolls of fog
 G - a scroll of silence
 H - 6 scrolls of enchant weapon
 K - a scroll of holy word
 U - 3 scrolls of fear
 W - a scroll of brand weapon
Potions
 a - 4 potions of might
 b - 2 potions of haste
 t - 7 potions of curing
 u - 4 potions of invisibility
 z - 4 potions of cancellation
 I - 3 potions of resistance
 J - a potion of brilliance
 L - 2 potions of lignification
 O - 2 potions of berserk rage
 P - a potion of ambrosia
 V - a potion of magic
 Y - 7 potions of flight


   Skills:
 - Level 11.0(13.3) Fighting
 - Level 12.0(14.2) Staves
 - Level 5.8(8.1) Armour
 - Level 5.1(9.4) Dodging
 - Level 2.2(5.5) Stealth
 - Level 5.0(7.2) Shields
 - Level 7.0(9.3) Spellcasting
 - Level 11.4 Conjurations
 - Level 4.0(8.8) Necromancy
 - Level 0.8(2.5) Transmutations
 + Level 15.4(17.6) Earth Magic
 - Level 10.0(12.2) Evocations


You had 13 spell levels left.
You knew the following spells:

 Your Spells              Type           Power      Damage    Failure   Level
a - Sandblast             Erth           100%       2d20      0%          1
b - Stone Arrow           Conj/Erth      100%       3d13      1%          3
c - Borgnjor's Vile Clut  Necr/Erth      47%        N/A       1%          5
d - Passwall              Tmut/Erth      69%        N/A       1%          2
e - Lehudib's Crystal Sp  Conj/Erth      49%        10d12     77%         8

Your spell library contained the following spells:

 Spells                   Type           Power      Damage    Failure   Level
 Shock                    Conj/Air       100%       1d9       1%          1
 Static Discharge         Conj/Air       47%        N/A       1%          2
 Vampiric Draining        Necr           60%        2d10      1%          3
 Animate Dead             Necr           30%        N/A       1%          4
 Petrify                  Tmut/Erth      83%        N/A       1%          4
 Slow                     Hex            52%        N/A       7%          1
 Swiftness                Air            15%        N/A       19%         3
 Lightning Bolt           Conj/Air       23%        1d39      19%         5
 Confusing Touch          Hex            13%        N/A       22%         3
 Death Channel            Necr           30%        N/A       28%         6
 Airstrike                Air            7%         N/A       54%         4
 Passage of Golubria      Tloc           13%        N/A       56%         4
 Summon Forest            Summ/Tloc      7%         N/A       86%         5
 Summon Mana Viper        Hex/Summ       15%        N/A       86%         5
 Silence                  Hex/Air        7%         N/A       88%         5
 Summon Cactus Giant      Summ           9%         N/A       100%        6
 Maxwell's Capacitive Co  Air            7%         ∞         100%        8


Dungeon Overview and Level Annotations

Branches:
Dungeon (14/15)            Temple (1/1) D:7            Lair (6/6) D:10
  Swamp (0/4) Lair:2        Snake (0/4) Lair:4        Slime (0/5) Lair:6
    Orc (2/2) D:10            Elf (0/3) Orc:2         Sewer (visited)
 Vaults: D:13-14

Altars:
Ashenzari
Cheibriados
Dithmenos
Elyvilon
Fedhas
Gozag
Hepliaklqana
Kikubaaqudgha
Makhleb
Nemelex Xobeh
Okawaru
Qazlal
Ru
Sif Muna
Trog
Uskayaw
Vehumet
Wu Jian
Xom
Yredelemnul
Zin
The Shining One
Beogh
Jiyva
Lugonu

Shops:
D:9 !   Orc:2 *[(:

Portals:
Abyss: Lair:6

Annotations:
D:9 LiliTe's ghost, journeyman GnWn
Lair:5 2 transporters, Kaive's ghost, journeyman MiFi


Innate Abilities, Weirdness & Mutations

You are immune to sickness and miasma.
Your stone body is resilient. (AC +11)
You are immune to poison.
Your large and strong wings let you fly.
You resist negative energy. (rN+)
You are resistant to electric shocks. (rElec)
You are resistant to unholy torment.
You are immune to petrification.


Message History

Aim: an ogre, wielding a +0 giant spiked club (100% to hit)
You feel a surge of power!
Zombie hands grab the ogre.
Zombie hands grab the ogre mage.
Zombie hands grab the ogre.
The zombie hands constrict the ogre!
The zombie hands constrict the ogre mage!
The zombie hands constrict the ogre!
The ogre struggles to escape constriction.
The ogre mage struggles to escape constriction.
The ogre escapes!
The ogre struggles to escape constriction.
The zombie hands constrict the ogre mage!
The zombie hands constrict the ogre!!
You kill the ogre!
The ogre mage escapes!
Casting: Borgnjor's Vile Clutch (dangerous; 1% risk of failure)
Confirm with . or Enter, or press ? or * to list all spells.
Aiming: Borgnjor's Vile Clutch (dangerous; 1% risk of failure)
Press: ? - help, Shift-Dir - straight line, f - ogre mage, p - ogre
Aim: an ogre mage, wielding a +0 whip and wearing a +0 robe (moderately wounded, slightly transparent, 100% to hit)
You feel a surge of power!
Zombie hands grab the ogre mage.
The zombie hands constrict the ogre mage!
The ogre mage escapes!
The yaktaur wields a +0 arbalest of flaming.
It bursts into flame!
The yaktaur shoots a bolt.
The bolt hits the ogre mage!
The bolt burns the ogre mage.
The ogre hits you with a +0 giant spiked club!
The ogre mage gestures at you while chanting.
You suddenly lose the ability to move!
You hear a shout!
The ogre mage casts a spell at you. The bolt of magma hits you!!
You partially resist.
The yaktaur shoots a bolt.
The bolt closely misses the ogre mage.
The bolt hits you!! The bolt burns you.
The ogre hits you with a +0 giant spiked club!!
* * * LOW HITPOINT WARNING * * *
The ogre mage hits you with a +0 whip.
* * * LOW HITPOINT WARNING * * *
The ogre hits you with a +0 giant spiked club!!
You die...

, ****** * *** .# ,,* ,
,{{ #.. ,., ∆ ># *,**, *
* * { #..##.* ##.# ,* **
, *,#{#..#)#,*,*...#*, ,,
, , o*#.#..#.##..##..## *
** ** ,,*
*o.......c.#.##.... { * ,
###.#..#.######.#.# * * *
,........)cO.....##.*##.*
, ........))O@....###.#.#
, *
###.#..#.######.###...#
*,*..........#.##)###.#.#
* *
{##.#..#.##..##)###.#.###
, *,*{#
#..#.#.#.##.###.#.######
* {*#{.##c
∆.##.###.#.###### * {,,
#.. ., !##.###.#.###### *
****#.. *#
*###...........## * ,*
#######.#[......


You could see an ogre mage (invisible), 2 yaktaurs and an ogre.

Vanquished Creatures
  Gastronok (Lair:3)
  An orc warlord (Orc:2)
  An ettin (Orc:2)
  Fannar (D:10)
  A boulder beetle (D:14)
  3 centaur warriors
  11 hydras
  Erica (D:8)
  11 two-headed ogres
  2 catoblepae
  Urug (Lair:3)
  3 thrashing horrors (Lair:6)
  2 orc high priests
  Nergalle (Lair:3)
  A lindwurm (Lair:6)
  5 orc knights
  4 orc sorcerers
  A manticore (D:13)
  2 ugly things
  An oklob plant (D:10)
  2 cyclopes
  Maurice (D:8)
  2 black mambas
  11 elephants
  A smoke demon (Lair:6)
  3 torpor snails
  16 cane toads
  An unseen horror (shapeshifter) (Lair:6)
  2 rime drakes
  An unseen horror (D:11)
  Maggie (Lair:2)
  2 yaktaurs (D:14)
  A kobold demonologist (D:11)
  8 komodo dragons
  2 ancient zymes (Lair:6)
  A polar bear (Lair:6)
  11 trolls
  13 blink frogs
  25 dream sheep
  A shadow (D:11)
  2 ynoxinuls (Lair:6)
  3 wyverns
  A vampire (D:14)
  Eustachio (D:4)
  A wraith (D:11)
  69 yaks
  3 basilisks
  Grum (D:8)
  3 chaos spawn (Lair:6)
  2 steam dragons
  4 wargs
  2 large abominations (Lair:6)
  2 acid dragons
  15 water moccasins
  42 orc warriors
  8 small abominations (Lair:6)
  An ice beast (D:7)
  A necrophage (D:7)
  3 black bears
  8 ogres
  9 centaurs
  15 wolves
  2 phantoms
  Blork the orc (Orc:2)
  7 kobold brigands
  15 bullfrogs
  3 gnoll sergeants
  3 scorpions
  A wyvern skeleton (D:6)
  3 water moccasin skeletons
  3 killer bees (D:10)
  5 howler monkeys (D:8)
  4 wights (D:8)
  2 electric eels
  4 centaur zombies
  2 bullfrog zombies (D:6)
  A hound (D:4)
  A jelly (D:7)
  31 orc priests
  A bullfrog skeleton (D:6)
  A gnoll shaman (D:6)
  A centaur skeleton (D:4)
  6 iguanas
  32 orc wizards
  2 killer bee zombies (D:8)
  A hound skeleton (D:4)
  A howler monkey zombie (D:5)
  21 gnolls
  4 adders
  An ufetubus (D:5)
  3 worms
  4 dart slugs
  86 orcs
  6 ball pythons
  8 endoplasms
  14 giant cockroaches
  7 goblins
  6 hobgoblins
  2 jackals (D:3)
  6 quokkas
  14 bats
  8 frilled lizards
  A jackal zombie (D:9)
  27 kobolds
  7 rats
713 creatures vanquished.

Vanquished Creatures (others)
  A human (D:9)
  An orc priest (Orc:2)
  A bush (Lair:6)
  23 fungi
  72 plants
98 creatures vanquished.

Grand Total: 811 creatures vanquished

Notes
Turn   | Place    | Note
-------+----------+-------------------------------------------
     0 | D:1      | esteth the Gargoyle Earth Elementalist began the quest for
                  | the Orb.
     0 | D:1      | Reached XP level 1. HP: 10/10 MP: 3/3
   104 | D:1      | Reached skill level 4 in Earth Magic
   367 | D:1      | Reached XP level 2. HP: 16/16 MP: 5/5
   390 | D:1      | Reached skill level 1 in Fighting
   672 | D:1      | Reached XP level 3. HP: 21/21 MP: 4/6
  1410 | D:2      | Reached XP level 4. HP: 28/28 MP: 3/7
  1862 | D:2      | Learned a level 3 spell: Stone Arrow
  2341 | D:3      | Found a white marble altar of Elyvilon.
  2686 | D:3      | Reached XP level 5. HP: 16/32 MP: 10/10
  3742 | D:4      | Found a glowing golden altar of the Shining One.
  3766 | D:4      | Reached skill level 1 in Shields
  3766 | D:4      | Reached skill level 1 in Conjurations
  3890 | D:4      | Noticed an ogre
  4207 | D:4      | Noticed Eustachio
  4241 | D:4      | Killed Eustachio
  4242 | D:4      | Reached XP level 6. HP: 6/37 MP: 5/12
  4953 | D:4      | Reached XP level 7. HP: 38/41 MP: 13/13
  6016 | D:5      | Entered Level 5 of the Dungeon
  6134 | D:5      | Found a glowing drain.
  6190 | D:5      | Reached skill level 5 in Shields
  6224 | Sewer    | Entered a sewer
  6508 | Sewer    | Reached skill level 5 in Earth Magic
  6508 | Sewer    | Reached XP level 8. HP: 24/46 MP: 4/15
  6782 | Sewer    | Reached skill level 5 in Spellcasting
  7010 | D:5      | Reached skill level 6 in Earth Magic
  7135 | D:5      | Reached skill level 1 in Evocations
  8260 | D:6      | Reached skill level 5 in Fighting
  8482 | D:6      | Reached XP level 9. HP: 54/54 MP: 4/16
  9579 | D:7      | Found a staircase to the Ecumenical Temple.
  9695 | D:7      | Found a glowing silver altar of Zin.
  9813 | Temple   | Entered the Ecumenical Temple
  9958 | Temple   | Became a worshipper of Ru the Awakened
  9998 | D:7      | Found an ornate altar of the Wu Jian Council.
 10218 | D:7      | Reached skill level 1 in Armour
 10876 | D:8      | Found a burning altar of Makhleb.
 10925 | D:8      | Noticed Grum
 11154 | D:8      | Killed Grum
 11155 | D:8      | Reached skill level 1 in Staves
 11397 | D:8      | Noticed Maurice
 11402 | D:8      | Killed Maurice
 11403 | D:8      | Reached XP level 10. HP: 63/63 MP: 4/17
 11506 | D:8      | Noticed a two-headed ogre
 11519 | D:8      | Killed a two-headed ogre
 11520 | D:8      | Reached skill level 5 in Staves
 12068 | D:8      | Noticed a two-headed ogre
 12070 | D:8      | Noticed a two-headed ogre
 12086 | D:8      | Killed a two-headed ogre
 12259 | D:8      | Killed a two-headed ogre
 12260 | D:8      | Reached skill level 7 in Earth Magic
 12463 | D:8      | Noticed Erica
 12473 | D:8      | Killed Erica
 12474 | D:8      | Reached skill level 8 in Earth Magic
 12954 | D:9      | Found a runed translucent door.
 12959 | D:9      | Found a basalt altar of Yredelemnul.
 13039 | D:9      | Found an iron altar of Okawaru.
 13085 | D:9      | Found a hide-covered altar of Uskayaw.
 13327 | D:9      | Identified the +1 ring mail of Fexabb {rF++ Str+4 Slay-2}
 13414 | D:9      | Reached XP level 11. HP: 67/67 MP: 11/18
 13717 | D:9      | Reached skill level 9 in Earth Magic
 13829 | D:9      | Found a runed translucent gate.
 13829 | D:9      | Found a runed translucent gate.
 13829 | D:9      | Found a runed translucent gate.
 13829 | D:9      | Noticed LiliTe's ghost (journeyman GnWn)
 13831 | D:9      | Identified the +6 plate armour of the Lich-sworn {Will++
                  | Str+2}
 14490 | D:9      | Identified the +0 helmet of Autumn {Dex+7}
 14693 | D:9      | Found Enliluem's Distillery.
 14789 | D:10     | Entered Level 10 of the Dungeon
 14915 | D:10     | Found a staircase to the Lair.
 14915 | D:10     | Noticed an oklob plant
 15081 | D:10     | Found a bloodstained altar of Trog.
 15174 | D:10     | Found a sparkling altar of Nemelex Xobeh.
 15436 | D:10     | Found a shadowy altar of Dithmenos.
 15444 | D:10     | Noticed a two-headed ogre
 15451 | D:10     | Killed a two-headed ogre
 15452 | D:10     | Reached skill level 10 in Earth Magic
 15603 | D:10     | Found a broken altar of Ashenzari.
 15610 | D:10     | Noticed a two-headed ogre
 15616 | D:10     | Killed a two-headed ogre
 15704 | D:10     | Fell from the grace of Ru
 15705 | D:10     | Became a worshipper of Ashenzari the Shackled
 15881 | D:10     | Noticed Fannar
 16500 | D:10     | Found a staircase to the Orcish Mines.
 16560 | D:10     | Found a snail-covered altar of Cheibriados.
 17424 | D:11     | Noticed a two-headed ogre
 17443 | D:11     | Killed a two-headed ogre
 17444 | D:11     | Reached skill level 10 in Staves
 17702 | D:11     | Reached skill level 5 in Evocations
 18358 | D:12     | Noticed a two-headed ogre
 18359 | D:12     | Noticed a two-headed ogre
 18374 | D:12     | Killed a two-headed ogre
 18375 | D:12     | Reached XP level 12. HP: 63/73 MP: 1/19
 18597 | Orc:1    | Entered Level 1 of the Orcish Mines
 18804 | Orc:1    | Noticed an orc high priest
 18891 | Orc:1    | Killed an orc high priest
 20098 | Orc:2    | Entered Level 2 of the Orcish Mines
 20259 | Orc:2    | Found a staircase to the Elven Halls.
 20354 | Orc:2    | Reached * piety under Ashenzari
 20393 | Orc:2    | Noticed a two-headed ogre
 20656 | Orc:1    | Killed a two-headed ogre
 21515 | Orc:2    | Reached ** piety under Ashenzari
 21528 | Orc:2    | Noticed a soul eater
 21656 | Orc:2    | Noticed an ettin
 21671 | Orc:2    | Noticed an orc high priest
 21686 | Orc:2    | Killed an ettin
 21688 | Orc:2    | Noticed a soul eater
 21703 | Orc:2    | Killed an orc high priest
 23145 | Orc:2    | Noticed an orc warlord
 23228 | Orc:1    | Reached XP level 13. HP: 40/78 MP: 2/20
 23439 | Orc:2    | Noticed Blork the orc
 23452 | Orc:2    | Killed Blork the orc
 23561 | Orc:2    | Killed an orc warlord
 23562 | Orc:2    | Reached skill level 10 in Evocations
 24031 | Orc:2    | Found Neffoe's General Store.
 24128 | Orc:2    | Found Fagoxai's Book Shop.
 24251 | Orc:2    | Found Vusesyq's Antique Armour Shop.
 24280 | Orc:2    | Found Ydoud's Antique Weapon Shop.
 24304 | Orc:2    | Bought a book of the Moon for 560 gold pieces
 24304 | Orc:2    | Bought a book of Unlife for 504 gold pieces
 24310 | Orc:2    | Learned a level 5 spell: Borgnjor's Vile Clutch
 24589 | Orc:1    | Reached skill level 1 in Necromancy
 25048 | D:10     | Killed Fannar
 25368 | Lair:1   | Entered Level 1 of the Lair of Beasts
 25516 | Lair:1   | Learned a level 2 spell: Passwall
 26011 | Lair:1   | Reached *** piety under Ashenzari
 27182 | Lair:2   | Reached **** piety under Ashenzari
 27306 | Lair:2   | Found a staircase to the Swamp.
 27488 | Lair:2   | Noticed Maggie
 27492 | Lair:2   | Killed Maggie
 27822 | Lair:3   | Noticed Urug
 27835 | Lair:3   | Killed Urug
 28162 | Lair:3   | Noticed Nergalle
 28178 | Lair:3   | Killed Nergalle
 28371 | Lair:3   | Noticed Gastronok
 28391 | Lair:3   | Reached skill level 5 in Armour
 28608 | Lair:3   | Killed Gastronok
 28837 | Lair:3   | Reached skill level 5 in Dodging
 29010 | Lair:3   | Gained mutation: Your large and strong wings let you fly.
                  | [Gargoyle growth]
 29010 | Lair:3   | Reached XP level 14. HP: 86/86 MP: 17/24
 29272 | Lair:3   | Reached skill level 5 in Conjurations
 29387 | Lair:3   | Reached ***** piety under Ashenzari
 29939 | Lair:4   | Reached skill level 10 in Fighting
 30626 | Lair:4   | Found a staircase to the Snake Pit.
 31410 | Lair:5   | Learned a level 8 spell: Lehudib's Crystal Spear
 31485 | Lair:5   | Found a transporter.
 31486 | Lair:5   | Identified the +5 ring mail of Lugonu's Indignation {Str+3
                  | Dex+5 SInv}
 31487 | Lair:5   | Noticed Kaive's ghost (journeyman MiFi)
 31487 | Lair:5   | Identified the ring "Gados" {Fly Int+3}
 31504 | Lair:5   | Found a dark tunnel.
 31507 | Lair:5   | Found a transporter.
 32087 | Lair:6   | Entered Level 6 of the Lair of Beasts
 32114 | Lair:6   | Reached skill level 11 in Earth Magic
 32945 | Lair:6   | Reached skill level 12 in Earth Magic
 33106 | Lair:6   | Reached XP level 15. HP: 88/99 MP: 18/28
 33236 | Lair:6   | Reached skill level 10 in Conjurations
 33566 | Lair:6   | Found a viscous altar of Jiyva.
 33566 | Lair:6   | Found a staircase to the Slime Pits.
 33904 | Lair:6   | Reached skill level 13 in Earth Magic
 34865 | Lair:6   | Found a corrupted altar of Lugonu.
 34866 | Lair:6   | Found a one-way gate to the infinite horrors of the Abyss.
 35463 | D:12     | Reached skill level 14 in Earth Magic
 36706 | D:14     | Reached skill level 15 in Earth Magic
 37236 | D:14     | Paralysed by an ogre mage for 6 turns
 37238 | D:14     | Mangled by an ogre

Illustrated notes

Levels and vault maps discovered:
D:1:      sevenhm_arrival_forest_fort_small_6, layout_basic,
          chequers_serial_rivers_micro_c
D:2:      layout_basic
D:3:      layout_loops_ring, mainiacjoe_overflow_24_doors, bh_walls_and_bars
D:4:      minmay_skewed_foursquare, layout_basic, mainiacjoe_overflow_brackets,
          uniq_eustachio
D:5:      layout_loops_ring, gup_sewer_entry_pipe, minmay_holes
D:6:      black_bear_nest_2, layout_cave_pools,
          amcnicky_mini_rare_corridor_liquid, nicolae_elevator_lobby_asterisk
D:7:      layout_loops_cross, nicolae_wu_jian_wuxing_cycle, zin_academy,
          temple_doors_cd, enter_bailey_6
D:8:      layout_basic, lightli_temple_of_fire, uniq_maurice, uniq_grum,
          uniq_erica
D:9:      layout_irregular_city, dk_yredelemnul_ordeal, okawaru_gym_becter,
          nicolae_uskayaw_dance_studio, serial_column_ruins, column_ruins_hut,
          column_ruins_open_medium_water, column_ruins_columns_straight,
          column_ruins_columns_straight, column_ruins_corridor_corner,
          column_ruins_open_small, serial_shops, nicolae_diamond_shop,
          biasface_ghost_orc_armoury, dk_noncrumbling_3
D:10:     layout_roguey, ashenzari_conservatory_becter,
          mainiacjoe_overflow_surrounded_room, cheibriados_altar_1,
          nicolae_overflow_squiral, dpeg_oklobed_lair, david_orc_4, uniq_fannar
D:11:     layout_long_grid
D:12:     layout_roguey
D:13:     layout_stronghold
D:14:     minmay_blocky_corners, layout_loops_ring,
          hangedman_vaults_entry_quadrant_bands, nemelex_lonely_heart_becter
Temple:   nicolae_temple_figure_zero
Lair:1:   layout_cave_pods, serial_bayou_shore_a, grunt_megastairs_3
Lair:2:   layout_misc_corridors, swamp_mist, uniq_maggie
Lair:3:   nzn_winding_woodlands_medium [nzn_winding_woodlands_5x5_three,
          nzn_winding_woodlands_5x15_zeroes,
          nzn_winding_woodlands_5x5_closed_star,
          nzn_winding_woodlands_5x5_perimeter,
          nzn_winding_woodlands_center_garden,
          nzn_winding_woodlands_5x5_open_star,
          nzn_winding_woodlands_5x5_checkerboard,
          nzn_winding_woodlands_5x15_pathside_ponds,
          nzn_winding_woodlands_hourglass], layout_misc_corridors,
          uniq_gastronok, uniq_nergalle, uniq_urug
Lair:4:   layout_cave_pods, dummy_snake_entry
Lair:5:   layout_small_grid, enter_volcano_2, gammafunk_ghost_berserking_beasts
Lair:6:   hellmonk_lair_end_abyssal_woods, layout_hall_layers, slime_altar_1,
          st_stairs_4, nicolae_lair_grazing_beasts [nicolae_sub_lair_graze_edge,
          nicolae_sub_lair_graze_edge, nicolae_sub_lair_graze_edge,
          nicolae_sub_lair_graze_edge]
Orc:1:    layout_caves, basic_altar
Orc:2:    grunt_orc_cross, layout_caves

Skill      XL: |  1  2  3  4  5  6  7  8  9 10 11 12 13 14 15 |
---------------+----------------------------------------------+-----
Earth Magic    | 4 5 6 8 10 12 15 | 15.4
Fighting       | 2 3 5 7 9 11 | 11.0
Spellcasting   | 3 4 5 7 |  7.0
Shields        | 2 3 5 |  5.0
Conjurations   | 2 3 4 9 11 | 11.4
Evocations     | 3 4 5 9 10 | 10.0
Armour         | 4 5 |  5.8
Dodging        | 4 5 |  5.1
Staves         | 4 7 10 12 | 12.0
Necromancy     | 4 |  4.0
Stealth        | |  2.2
Transmutations | |  0.8

Action                   |  1- 3 |  4- 6 |  7- 9 | 10-12 | 13-15 || total
-------------------------+-------+-------+-------+-------+-------++-------
Melee: Unarmed           |     6 |       |       |       |       ||     6
       Spear             |    10 |       |       |       |       ||    10
       Club              |    12 |   128 |       |       |       ||   140
       Punch             |       |     1 |       |       |       ||     1
       Staff             |       |    86 |   364 |   471 |   762 ||  1683
 Cast: Sandblast         |    39 |    35 |    23 |    81 |    86 ||   264
       Stone Arrow       |       |       |    82 |   280 |   144 ||   506
       Borgnjor's Vile C |       |       |       |       |    89 ||    89
Invok: Curse Item        |       |       |       |     3 |     6 ||     9
       Renounce Religion |       |       |       |     1 |       ||     1
Evoke: Wand              |       |       |       |     5 |       ||     5
  Use: Potion            |       |     1 |       |     6 |       ||     7
       Scroll            |       |     2 |     5 |    16 |       ||    23
 Stab: Sleeping          |     1 |     2 |       |     1 |     6 ||    10
       Distracted        |       |       |       |     2 |     1 ||     3
Armor: Robe              |    18 |   102 |       |       |       ||   120
       Leather armour    |       |    24 |   277 |    49 |       ||   350
       Acid dragon scale |       |       |       |   141 |   261 ||   402
Dodge: Dodged            |    24 |   153 |   301 |   236 |   369 ||  1083
Block: Buckler           |       |    19 |   111 |   245 |   405 ||   780
       Reflection        |       |       |       |     6 |    18 ||    24

Table legend: (Time is in decaauts)
 A = Elapsed time spent in this place.
 B = Non-inter-level travel time spent in this place.
 C = Inter-level travel time spent in this place.
 D = Time resting spent in this place.
 E = Time spent auto-exploring this place.
 F = Levels seen in this place.
 G = Mean time per level.
                   A        B        C        D        E       F      G
               +--------+--------+--------+--------+--------+-----+--------+
         Total |  37060 |  36051 |   1009 |  15250 |  14044 |  24 | 1544.2 |
       Dungeon |  21069 |  20415 |    654 |   8240 |   8855 |  14 | 1504.9 |
        Temple |    158 |    145 |     13 |      0 |    112 |   1 |  158.0 |
          Lair |   9336 |   9071 |    265 |   3442 |   3843 |   6 | 1556.0 |
  Orcish Mines |   5698 |   5624 |     74 |   3254 |    992 |   2 | 2849.0 |
         Sewer |    797 |    797 |      0 |    314 |    241 |   1 |  797.0 |
               +--------+--------+--------+--------+--------+-----+--------+

Top non-repeatable levels by time:
    D:10: 3326 daAuts
   Orc:2: 3305 daAuts
  Lair:6: 2673 daAuts
   Orc:1: 2393 daAuts
     D:4: 2337 daAuts
     D:8: 2227 daAuts
  Lair:3: 1944 daAuts
     D:9: 1858 daAuts
    D:11: 1589 daAuts
  Lair:1: 1532 daAuts
     D:5: 1513 daAuts
     D:3: 1419 daAuts
     D:1: 1318 daAuts
     D:6: 1298 daAuts
  Lair:4: 1256 daAuts
